 Dungeon Crawl Stone Soup version 0.30-a0-918-g0ff054e9dc (webtiles) character file.

Game seed: 2739756598784130156

7 jasper the Firebug (level 1, 0/15 HPs)
             Began as a Demonspawn Wanderer on Mar 20, 2023.
             Slain by a hobgoblin (5 damage)
             ... on level 1 of the Dungeon.
             The game lasted 00:00:48 (323 turns).

jasper the Firebug (Demonspawn Wanderer)             Turns: 323, Time: 00:00:48

Health: 0/15       AC:  0    Str: 13    XL:     1   Next: 91%
Magic:  0/2        EV: 11    Int: 14    God:
Gold:   17         SH:  0    Dex: 10    Spells: 1/2 levels left

rFire   . . .      SeeInvis .    a - +0 club
rCold   . . .      Faith    .    (no shield)
rNeg    . . .      Spirit   .    (no body armour)
rPois   .          Reflect  .    (no helmet)
rElec   .          Rampage  .    (no cloak)
rCorr   .                        (no gloves)
Will    .....                    (no boots)
Stlth   +                        (no amulet)
HPRegen 0.22/turn                (no ring)
MPRegen 0.08/turn                (no ring)

@: very slightly contaminated
A: no striking features
a: no special abilities


You were on level 1 of the Dungeon.
You visited 1 branch of the dungeon, and saw 1 of its levels.

You collected 17 gold pieces.

Inventory:

Hand Weapons
 a - a +0 club (weapon)
Armour
 c - a +0 scale mail
Potions
 b - a potion of heal wounds
 d - a potion of magic {unknown}


   Skills:
 - Level 1.0 Fighting
 - Level 2.6 Armour
 + Level 1.3 Spellcasting
 + Level 0.7 Conjurations
 - Level 1.7 Translocations
 + Level 2.9 Fire Magic


You had one spell level left.
You knew the following spells:

 Your Spells              Type           Power      Damage    Failure   Level
a - Foxfire               Conj/Fire      24%        2x1d5     12%         1

Your spell library contained the following spells:

 Spells                   Type           Power      Damage    Failure   Level
 Apportation              Tloc           10%        N/A       12%         1
 Kindle Blastsparks       Fire/Tloc/Air  10%        2d10      38%         3
 Flame Wave               Conj/Fire      6%         2d5       77%         4


Dungeon Overview and Level Annotations

Branches:
Dungeon (1/15)

Altars:


Message History

You are frozen.
You take 3 damage, and have 12/15 hp.
You now have 1/2 mp.
The foxfire hits the endoplasm.
The endoplasm is almost dead.
The foxfire hits the endoplasm.
You kill the endoplasm!
You start resting.
Magic restored.
You regained 2 hp, and now have 14/15 hp.
MP restored: 2 HP restored.
You now have 17 gold pieces.
Found a leather armour.
Health restored: 15 You see here a +0 leather armour.
A hobgoblin and a goblin come into view.
Found a scroll labelled FUF JOUJYTTUA.
The goblin shouts!
The hobgoblin shouts!
Casting: Foxfire (safe; 13% risk of failure)
Press: ? - help, Q - select action Dir - look around, f - activate You conjure some foxfire!
You now have 1/2 mp.
The foxfire hits the goblin.
You kill the goblin!
Casting: Foxfire (safe; 12% risk of failure)
Press: ? - help, Q - select action Dir - look around, f - activate You miscast Foxfire.
You are very lightly contaminated with residual magic.
Nothing appears to happen.
Your foxfire dissipates!
The hobgoblin hits you.
You take 5 damage, and have 10/15 hp.
MASSIVE DAMAGE!!
You now have 0/2 mp.
You hit the hobgoblin.
The hobgoblin is severely wounded.
The hobgoblin barely misses you. The hobgoblin hits you.
You take 5 damage, and have 5/15 hp.
MASSIVE DAMAGE!!
You hit the hobgoblin but do no damage.
The hobgoblin is severely wounded.
The hobgoblin hits you.
You die...

.. .# ####.##.# ...).
..## #.#.....? #.#.#..#
#.#... # #.#.##.#
#.g....# .###.###@##.#
###+#####.........#
........###.####..#
........# ###..#
.⌠...⌠..# #....#
........#
#.##.##########
...<....+
..##.##.##.......#
........#
.........[....##.#
.⌠...⌠..#
#..........##.##.######


You could see a hobgoblin.

Vanquished Creatures
  A dart slug (D:1)
  An endoplasm (D:1)
  2 goblins (D:1)
  A rat (D:1)
5 creatures vanquished.

Vanquished Creatures (others)
  10 foxfires (D:1)
10 creatures vanquished.

Grand Total: 15 creatures vanquished

Notes
Turn   | Place    | Note
-------+----------+-------------------------------------------
     0 | D:1      | jasper the Demonspawn Wanderer began the quest for the Orb.
     0 | D:1      | jasper set off with the following items: a +0 club, a
                  | potion of heal wounds, a +0 scale mail; and the following
                  | spells available to memorise: Apportation, Foxfire, Kindle
                  | Blastsparks, Flame Wave.
     0 | D:1      | Reached XP level 1. HP: 15/15 MP: 2/2
     7 | D:1      | Learned a level 1 spell: Foxfire
   323 | D:1      | Slain by a hobgoblin

Illustrated notes

Levels and vault maps discovered:
D:1:      mushboom_english_gardens, layout_loops_cross

Action                     || total
---------------------------++-------
  Melee: Club              ||     8
   Cast: Foxfire           ||     6
  Dodge: Dodged            ||     8

Table legend: (Time is in decaauts)
 A = Elapsed time spent in this place.
 B = Non-inter-level travel time spent in this place.
 C = Inter-level travel time spent in this place.
 D = Time resting spent in this place.
 E = Time spent auto-exploring this place.
 F = Levels seen in this place.
 G = Mean time per level.
                   A        B        C        D        E       F      G
               +--------+--------+--------+--------+--------+-----+--------+
         Total |    325 |    325 |      0 |    132 |    148 |   1 |  325.0 |
       Dungeon |    325 |    325 |      0 |    132 |    148 |   1 |  325.0 |
               +--------+--------+--------+--------+--------+-----+--------+

Top non-repeatable levels by time:
     D:1: 325 daAuts
